 Dungeon Crawl Stone Soup version 0.31-a0-631-g285b096dc4 (webtiles) character file.

Game seed: 9757688494742213240

2585 Crownlay the Cleaver (level 9, -1/70 HPs)
             Began as a Hill Orc Monk on Aug 26, 2023.
             Was a Priest of Beogh.
             Slain by a hornet (9 damage)
             ... on level 7 of the Dungeon.
             The game lasted 00:13:28 (7816 turns).

Crownlay the Cleaver (Hill Orc Monk)                Turns: 7816, Time: 00:13:28

Health: -1/70      AC:  6    Str: 18    XL:     9   Next: 58%
Magic:  14/14      EV: 11    Int: 10    God:    Beogh [***...]
Gold:   188        SH:  0    Dex: 13    Spells: 8/8 levels left

rFire   . . .        a - +0 hand axe
rCold   . . .        d - orb {light}
rNeg    . . .        o - +0 ring mail
rPois   .            w - +0 helmet
rElec   .            (no cloak)
rCorr   .            (no gloves)
SInv    .            (no boots)
Will    +....        (no amulet)
Stlth   +            l - ring of willpower
HPRegen 0.31/turn    C - +4 ring of slaying
MPRegen 0.14/turn

%: no passive effects
@: slowed, glowing, very slow
A: no striking features
a: Renounce Religion, Smiting


You were on level 7 of the Dungeon.
You worshipped Beogh.
Beogh was most pleased with you.
You visited 1 branch of the dungeon, and saw 7 of its levels.
You also visited: Ossuary.

You collected 188 gold pieces.

Inventory:

Hand Weapons
 a - a +0 hand axe (weapon)
 E - a +0 triple crossbow
Missiles
 g - 15 poisoned darts (quivered)
Armour
 d - an orb of light (worn)
 o - a +0 ring mail (worn)
 u - a +2 kite shield
 w - a +0 helmet (worn)
Jewellery
 f - an amulet of magic regeneration
 l - a ring of willpower (left hand)
 C - a +4 ring of slaying (right hand)
Wands
 A - a wand of quicksilver (5)
 F - a wand of polymorph (6)
Scrolls
 b - 3 scrolls of enchant weapon
 i - 2 scrolls of torment
 j - 4 scrolls of enchant armour
 p - a scroll of brand weapon {unknown}
 s - 3 scrolls of noise
 y - 3 scrolls of amnesia
 z - a scroll of fog {unknown}
 B - a scroll of fear {unknown}
Potions
 c - 4 potions of ambrosia
 e - 2 potions of magic {unknown}
 h - a potion of brilliance {unknown}
 k - 3 potions of attraction {unknown}
 m - 3 potions of enlightenment {unknown}
 n - 2 potions of might {unknown}
 q - 3 potions of cancellation {unknown}
 r - 5 potions of curing
 t - 2 potions of berserk rage {unknown}
 v - a potion of degeneration {unknown}
 x - 3 potions of lignification {unknown}
 G - a potion of experience {unknown}


   Skills:
 - Level 3.6 Fighting
 - Level 14.0 Axes
 + Level 3.5 Throwing
 - Level 2.4 Dodging
 + Level 7.6 Invocations


You had 8 spell levels left.
You didn't know any spells.
Your spell library contained the following spells:

 Spells                   Type           Power      Damage    Failure   Level
 Apportation              Tloc           0%         N/A       56%         1
 Foxfire                  Conj/Fire      0%         2x1d4     56%         1
 Sandblast                Erth           0%         2d4       56%         1
 Passwall                 Tmut/Erth      0%         N/A       71%         2
 Stone Arrow              Conj/Erth      0%         3d7       90%         3
 Alistair's Intoxication  Tmut/Pois      0%         N/A       100%        5
 Plasma Beam              Fire/Air       0%         2x1d10    100%        6
 Starburst                Conj/Fire      0%         6d3       100%        6


Dungeon Overview and Level Annotations

Branches:
Dungeon (7/15)             Temple (0/1) D:5         Ossuary (visited)

Altars:
Fedhas
Zin

Shops:
D:3 =


Message History

Press: ? - help, Shift-Dir - straight line, f/p - hornet
Aim: a hornet (lightly wounded, poisoned, haloed, 65% to hit)
You throw a curare-tipped dart.
The curare-tipped dart barely misses the hornet.
You throw a poisoned dart. The poisoned dart hits the hornet!
The hornet looks even sicker.
The hornet is lightly wounded.
The hornet barely misses you.
You slash the hornet!
The hornet is moderately wounded.
The hornet stings you!
You are poisoned.
You suddenly lose the ability to move!
You feel sick.
The hornet stings you but does no damage.
You feel sick. The hornet stings you!
You feel yourself slow down. The hornet stings you.
You feel as though you will be slow longer.
You can move again.
You are too injured to fight recklessly!
You are too injured to fight recklessly!
You closely miss the hornet.
The hornet is severely wounded.
You feel sick. The hornet stings you!
* * * LOW HITPOINT WARNING * * *
You feel as though you will be slow longer.
You hit the hornet.
The hornet is severely wounded.
You feel sick.
The hornet stings you but does no damage.
You barely miss the hornet.
The hornet is almost dead.
You feel sick. The hornet stings you!
* * * LOW HITPOINT WARNING * * *
You feel as though you will be slow longer.
The hornet stings you.
* * * LOW HITPOINT WARNING * * *
You feel as though you will be slow longer.
It was a potion of curing.
You feel better. The hornet stings you!
You die...

.. ##.........# ..#
...##..........######
#...#................#
..#..................#
(.(...............#
#................#
#<.(.............# #
#..#y............# .#
#..##@....[......###.#
#..##..######.#.....>.
..##.### #[##...... #
....... #.........
.###.##..#.# ###.......
...........# ###.......
..#.####<..## #####.§§......
........†.## #...>.#.......
#####.....#####.###.........


You could see a hornet (very poisoned).

Vanquished Creatures
  Grinder (D:3)
  2 steam dragons
  3 water moccasins
  2 black bears
  An ice beast (D:6)
  2 ogres (D:5)
  2 phantoms
  A kobold brigand (D:6)
  2 gnoll sergeants (D:5)
  2 scorpions (D:6)
  3 water moccasin zombies (Ossuary)
  4 hounds
  2 gnoll boudas (D:5)
  An iguana (D:5)
  An orc wizard (D:4)
  2 mummies (Ossuary)
  Robin (D:3)
  18 gnolls
  5 adders
  A shadow imp (D:6)
  A white imp (D:5)
  6 adder zombies (Ossuary)
  3 dart slugs
  8 orcs
  A bat (D:3)
  10 endoplasms
  7 giant cockroaches
  12 goblins
  11 hobgoblins
  2 jackals (D:5)
  16 kobolds
  5 quokkas
  5 ball pythons
  3 frilled lizards
  4 gnoll zombies (Ossuary)
  3 hobgoblin zombies (Ossuary)
  6 kobold zombies (Ossuary)
  3 orc zombies (Ossuary)
  5 rats
167 creatures vanquished.

Vanquished Creatures (collateral kills)
  A water moccasin (D:6)
  A gnoll bouda (D:5)
  A gnoll (D:5)
3 creatures vanquished.

Vanquished Creatures (others)
  2 orc warriors (D:6)
  2 orcs (D:5)
4 creatures vanquished.

Grand Total: 174 creatures vanquished

Notes
Turn   | Place    | Note
-------+----------+-------------------------------------------
     0 | D:1      | Crownlay the Hill Orc Monk began the quest for the Orb.
     0 | D:1      | Reached XP level 1. HP: 19/19 MP: 1/1
   123 | D:1      | Reached XP level 2. HP: 26/26 MP: 2/2
   353 | D:1      | Reached skill level 5 in Axes
   500 | D:1      | Reached XP level 3. HP: 29/31 MP: 3/3
   917 | D:2      | Reached skill level 6 in Axes
  1032 | D:2      | Found a glowing silver altar of Zin.
  1309 | D:2      | Reached XP level 4. HP: 26/39 MP: 4/4
  1832 | D:3      | Noticed Robin
  1852 | D:3      | Killed Robin
  1853 | D:3      | Reached skill level 7 in Axes
  2075 | D:3      | Reached XP level 5. HP: 39/45 MP: 5/5
  2185 | D:3      | Noticed Grinder
  2192 | D:3      | Paralysed by Grinder for 4 turns
  2221 | D:3      | Killed Grinder
  2222 | D:3      | Reached skill level 9 in Axes
  2222 | D:3      | Reached XP level 6. HP: 11/51 MP: 6/6
  2452 | D:3      | Found Wual's Jewellery Emporium.
  2880 | D:4      | Became a worshipper of Beogh the Brigand
  2880 | D:4      | Reached * piety under Beogh
  2880 | D:4      | Reached ** piety under Beogh
  3084 | D:4      | Found a sand-covered staircase.
  3088 | Ossuary  | Entered an ossuary
  3114 | Ossuary  | Reached skill level 10 in Axes
  3149 | Ossuary  | Reached XP level 7. HP: 57/57 MP: 7/7
  3391 | Ossuary  | Reached *** piety under Beogh
  3392 | Ossuary  | Reached skill level 11 in Axes
  4294 | D:5      | Entered Level 5 of the Dungeon
  4333 | D:5      | Reached skill level 1 in Invocations
  4474 | D:5      | Reached XP level 8. HP: 44/64 MP: 9/9
  4658 | D:5      | Reached skill level 12 in Axes
  5461 | D:5      | Reached skill level 13 in Axes
  5485 | D:5      | Found a blossoming altar of Fedhas.
  5503 | D:5      | Found a staircase to the Ecumenical Temple.
  5642 | D:5      | Reached skill level 5 in Invocations
  6083 | D:5      | Reached skill level 1 in Throwing
  6161 | D:5      | Reached XP level 9. HP: 63/70 MP: 13/13
  6770 | D:6      | Reached skill level 14 in Axes
  7805 | D:7      | Noticed a hornet
  7810 | D:7      | Paralysed by a hornet for 2 turns
  7815 | D:7      | HP: 1/70 [hornet (6)]
  7816 | D:7      | Slain by a hornet

Illustrated notes

Levels and vault maps discovered:
D:1:      shiori_shiawase, layout_loops_ring
D:2:      layout_basic, basic_altar, corexii_shack
D:3:      layout_loops_ring, serial_shops, nicolae_lakefront_shop,
          grunt_ministairs_7, uniq_robin, uniq_grinder
D:4:      layout_basic, enter_ossuary_5, wad_orctagon
D:5:      layout_cave_pools, mainiacjoe_overflow_tiny_flanked,
          minmay_temple_entry_tees, serial_gnoll_camp, gnoll_camp_mini_hut,
          gnoll_camp_mini_hut, gnoll_camp_huts_basic, gnoll_camp_mini_hut
D:6:      layout_cave_pods
D:7:      layout_rooms, serial_co_window_serial, co_window_corner_a,
          co_window_paths_b, co_window_of_opportunity_a, co_window_paths_b,
          co_window_corner_a, co_window_corner_ca, co_window_cross_3,
          co_window_corner_cb, glass_columns_a, glass_columns_a,
          glass_columns_b, hangedman_abyss_or_decor_lesser_grid

Skill      XL: |  1  2  3  4  5  6  7  8  9 |
---------------+----------------------------+-----
Axes           | 5 6 7 9 10 11 13 14 | 14.0
Invocations    | 2 5 7 |  7.6
Throwing       | 1 3 |  3.5
Fighting       | |  3.6
Dodging        | |  2.4

Action                     |  1- 3 |  4- 6 |  7- 9 || total
---------------------------+-------+-------+-------++-------
  Melee: Hand axe          |   105 |   207 |   375 ||   687
  Throw: Boomerang         |       |    24 |    61 ||    85
         Dart              |       |     1 |    31 ||    32
 Invoke: Convert to Beogh  |       |     1 |       ||     1
    Use: Scroll            |       |     3 |     2 ||     5
         Potion            |       |       |     2 ||     2
 Armour: Robe              |    10 |       |       ||    10
         Ring mail         |    13 |    49 |    75 ||   137
  Dodge: Dodged            |    56 |    91 |   163 ||   310

Table legend: (Time is in decaauts)
 A = Elapsed time spent in this place.
 B = Non-inter-level travel time spent in this place.
 C = Inter-level travel time spent in this place.
 D = Time resting spent in this place.
 E = Time spent auto-exploring this place.
 F = Levels seen in this place.
 G = Mean time per level.
                   A        B        C        D        E       F      G
               +--------+--------+--------+--------+--------+-----+--------+
         Total |   7711 |   7425 |    286 |    460 |   5366 |   8 |  963.9 |
       Dungeon |   7270 |   6984 |    286 |    460 |   5034 |   7 | 1038.6 |
       Ossuary |    441 |    441 |      0 |      0 |    332 |   1 |  441.0 |
               +--------+--------+--------+--------+--------+-----+--------+

Top non-repeatable levels by time:
     D:5: 1532 daAuts
     D:4: 1401 daAuts
     D:6: 1332 daAuts
     D:3: 1101 daAuts
     D:2: 937 daAuts
     D:1: 764 daAuts
 Ossuary: 441 daAuts
     D:7: 202 daAuts
